Map: Lightshade LE

Players

Pyksell

  • Race: Zerg Zerg
  • League: Platinum
  • Spawn Location: 11:00

Massa - Winner!

  • Race: Terran Terran
  • League: Platinum
  • Spawn Location: 5:00

VOD

Have the link to the VOD?

Description

Time

  • Played on: Nov. 28, 2020, 6:01 a.m.
  • Length: 21:32
Show
View Real Time Build Order
Export as new Build Order

Pyksell Zerg 

Build Orders: Hatch First, Muta Ling Bane 

Get SALT Encoding   

  12  0:00  Drone  
  13  0:12  Overlord  
  13  0:17  Drone  
  14  0:30  Drone x2  
  16  0:47  Hatchery  
  15  0:51  Drone  
  15  0:55  Drone  
  17  0:58  Drone  
  18  1:10  Extractor  
  17  1:14  Spawning Pool  
  16  1:28  Drone x2  
  16  1:29  Drone  
  19  1:45  Drone  
  20  2:02  Queen x2, Overlord  
  20  2:04  Zergling x4  
  26  2:15  Drone x2  
  28  2:27  Metabolic Boost  
  28  2:32  Drone x2  
  29  2:54  Drone x5  
  34  3:02  Hatchery  
  34  3:05  Overlord  
  33  3:10  Queen  
  35  3:16  Overlord  
  35  3:24  Drone x2  
  35  3:26  Drone x6  
  43  3:45  Evolution Chamber  
  42  4:05  Zergling x2  
  42  4:06  Zergling x4  
  45  4:13  Zerg Ground Armor Level 1  
  45  4:25  Extractor  
  45  4:27  Queen  
  45  4:31  Queen  
  46  4:32  Overlord x3  
  46  4:33  Overlord  
  46  4:36  Zergling x2  
  46  4:37  Zergling x2  
  50  4:38  Zergling x2  
  50  4:43  Drone x3  
  50  4:45  Overlord  
  54  4:50  Lair  
  54  5:16  Drone x13  
  54  5:17  Drone  
  66  5:30  Spine Crawler  
  66  5:33  Zergling x2  
  66  5:34  Zergling x8  
  70  5:38  Overlord  
  70  5:46  Extractor  
  70  5:47  Extractor  
  68  6:02  Baneling Nest  
  67  6:07  Zerg Melee Weapons Level 1  
  62  6:19  Pneumatized Carapace  
  62  6:25  Overlord x3  
  62  6:27  Drone x2  
  62  6:28  Drone  
  62  6:31  Spire  
  64  6:33  Drone  
  64  6:34  Drone x13  
  64  6:37  Extractor x2  
  76  6:47  Centrifical Hooks  
  76  6:49  Hatchery  
  76  6:50  Overlord  
  76  6:51  Overlord x2  
  75  7:02  Overlord x3  
  75  7:08  Drone  
  76  7:13  Zergling x18  
  76  7:31  Spore Crawler  
  76  7:32  Spore Crawler  
  76  7:33  Spore Crawler  
  74  7:40  Drone  
  74  7:43  Mutalisk  
  75  7:44  Mutalisk x6  
  87  8:09  Mutalisk  
  87  8:10  Mutalisk x2  
  93  8:22  Hatchery, Overseer  
  93  8:23  Overseer  
  93  8:25  Overseer  
  92  8:28  Baneling x2  
  92  8:44  Zerg Flyer Weapons Level 1  
  92  8:48  Drone x3  
  93  8:49  Drone x3  
  95  9:09  Zerg Melee Weapons Level 2  
  95  9:12  Extractor x2  
  95  9:14  Evolution Chamber  
  92  9:27  Mutalisk x4, Spine Crawler  
  92  9:28  Spine Crawler  
  92  9:30  Spine Crawler  
  92  9:31  Spine Crawler  
  96  9:37  Baneling x3  
  96  9:38  Baneling x3  
  96  9:50  Drone x4  
  96  9:51  Drone x2  
  102  10:00  Zerg Ground Armor Level 2  
  98  10:49  Queen  
  100  10:54  Infestation Pit  
  100  10:55  Zerg Flyer Weapons Level 2  
  99  10:57  Drone x3  
  99  10:58  Drone x2  
  99  11:02  Zergling x2  
  99  11:03  Zergling x22  
  110  11:16  Zergling x2  
  110  11:17  Zergling x24  
  122  11:22  Overseer  
  122  11:29  Drone x7  
  122  11:30  Drone  
  125  12:12  Mutalisk x9  
  125  12:13  Mutalisk  
  138  12:27  Zergling x2  
  138  12:28  Zergling x22  
  143  12:42  Zergling x8  
  133  12:50  Hive  
  133  12:55  Baneling x3  
  133  12:56  Baneling x4  
  133  12:58  Zergling x2  
  133  12:59  Zergling x8  
  133  13:04  Zergling x2  
  133  13:05  Zergling x2  
  140  13:11  Hatchery, Zerg Flyer Armor Level 1  
  137  13:23  Overseer x2  
  137  13:38  Baneling x4  
  137  13:41  Mutalisk x8  
  148  13:53  Zergling x2  
  148  13:54  Zergling x8  
  136  14:12  Baneling  
  136  14:13  Baneling x7  
  136  14:15  Zergling x4  
  136  14:17  Overlord  
  136  14:18  Overlord x8  
  125  14:40  Zergling x2  
  125  14:41  Zergling x12  
  114  15:08  Drone  
  114  15:09  Drone x6  
  114  15:14  Baneling x6  
  121  15:29  Baneling x2  
  121  15:30  Baneling  
  121  15:31  Queen  
  123  15:36  Adrenal Glands  
  112  16:06  Zergling x18  
  112  16:07  Zergling x24  
  125  16:14  Zergling x2  
  125  16:25  Baneling x7  
  125  16:49  Zergling x22  
  125  16:50  Zergling x2  
  135  16:54  Extractor  
  135  16:56  Extractor, Zerg Flyer Weapons Level 3  
  133  17:10  Hatchery x2  
  131  17:22  Zergling x2  
  132  17:23  Zergling x22  
  132  17:26  Baneling x8  
  132  17:27  Baneling  
  132  17:28  Hatchery  
  142  17:32  Mutalisk x6  
  142  17:33  Mutalisk  
  160  17:40  Baneling x6  
  160  17:41  Baneling x2  
  123  18:03  Zergling x16  
  127  18:12  Overlord x2  
  127  18:17  Baneling x2  
  127  18:20  Hatchery  
  126  18:27  Zergling x2  
  126  18:28  Zergling x12  
  133  18:37  Overseer  
  133  18:39  Overseer  
  133  18:43  Mutalisk x8  
  149  18:51  Baneling x3  
  149  18:52  Baneling x2  
  149  19:09  Queen  
  151  19:11  Zergling x14  
  151  19:12  Zergling x28  
  172  19:18  Baneling x4  
  170  19:40  Baneling  
  170  19:41  Baneling x4  
  156  20:40  Zergling x4  
  156  20:41  Zergling x44  
Show
View Real Time Build Order
Export as new Build Order

Massa Terran - Winner!

Build Orders:  

Get SALT Encoding   

  12  0:00  SCV  
  13  0:12  SCV  
  14  0:21  Supply Depot  
  14  0:24  SCV  
  15  0:41  Refinery  
  15  0:42  SCV  
  16  0:44  Barracks  
  16  0:54  SCV  
  17  1:06  SCV  
  18  1:18  SCV  
  19  1:31  SCV  
  20  1:39  Reaper  
  21  1:41  Command Center  
  21  1:43  SCV  
  22  1:56  Orbital Command  
  22  2:11  Marine  
  23  2:19  Factory  
  23  2:29  Supply Depot  
  23  2:40  Barracks Reactor  
  23  2:51  SCV  
  24  3:01  Orbital Command  
  24  3:03  SCV  
  24  3:05  Factory Reactor  
  25  3:13  Refinery  
  25  3:15  SCV, Command Center  
  25  3:17  Marine  
  25  3:18  Marine  
  28  3:25  Starport  
  28  3:27  SCV  
  28  3:30  SCV  
  30  3:39  SCV  
  31  3:42  SCV  
  34  3:56  Hellion x2  
  36  4:06  SCV x2  
  36  4:07  Marine  
  36  4:08  Marine  
  40  4:11  Medivac  
  40  4:16  Barracks  
  44  4:17  Hellion x2  
  44  4:18  Supply Depot  
  44  4:21  Engineering Bay  
  46  4:26  SCV x2, Marine x2, Supply Depot  
  51  4:31  Orbital Command  
  51  4:36  Refinery  
  50  4:38  SCV x2  
  50  4:44  Marine x2  
  54  4:46  Liberator  
  54  4:50  SCV  
  57  5:09  Widow Mine x2  
  57  5:13  Marine x2  
  61  5:31  Widow Mine x2  
  61  5:34  SCV x2  
  61  5:35  SCV  
  68  5:47  SCV x2  
  70  5:50  Orbital Command  
  70  5:53  Barracks Tech Lab  
  70  5:54  Starport Reactor  
  70  5:59  SCV x2  
  70  6:00  Barracks  
  70  6:02  Barracks  
  72  6:05  Armory  
  72  6:11  SCV x2  
  68  6:27  SCV  
  68  6:28  SCV x2  
  73  6:33  Widow Mine x2  
  76  6:40  SCV x2  
  77  6:48  Missile Turret, Supply Depot  
  77  6:50  Supply Depot  
  77  6:51  Supply Depot  
  77  7:10  Widow Mine x2, SCV x3  
  77  7:13  Supply Depot  
  77  7:15  Supply Depot  
  84  7:18  Supply Depot  
  84  7:22  SCV x2  
  86  7:30  SCV  
  86  7:34  SCV x2  
  89  7:42  SCV  
  90  7:46  SCV, Marauder, Marine x2  
  90  7:47  Stimpack  
  95  7:57  Widow Mine x2  
  99  8:04  Refinery, Marine x2  
  101  8:07  Marauder  
  103  8:12  Medivac  
  103  8:13  Medivac  
  103  8:14  Barracks  
  103  8:15  Barracks Reactor, Barracks Tech Lab  
  103  8:16  Barracks  
  103  8:18  Barracks  
  103  8:19  Widow Mine x2, Factory  
  111  8:22  Marine x2  
  113  8:29  Marauder  
  113  8:34  SCV x3  
  118  8:40  Widow Mine x2, Marine  
  115  8:42  Medivac, Missile Turret  
  115  8:43  Medivac  
  115  8:46  SCV x2  
  121  8:48  Missile Turret  
  121  8:50  Marauder  
  121  8:51  Refinery  
  121  8:53  Refinery  
  123  8:55  Missile Turret  
  123  8:56  Terran Infantry Armor Level 1  
  123  8:59  Engineering Bay  
  121  9:03  Armory, Terran Vehicle Weapons Level 1  
  121  9:04  Barracks Tech Lab  
  121  9:05  Barracks Reactor  
  121  9:06  Factory Tech Lab  
  121  9:09  Marauder, Marine x2  
  125  9:15  Concussive Shells  
  125  9:23  Supply Depot x2  
  125  9:24  Supply Depot  
  125  9:25  Supply Depot  
  125  9:26  Supply Depot  
  125  9:27  Supply Depot, Combat Shield  
  125  9:38  Command Center  
  125  9:43  Command Center  
  125  9:44  SCV, Marine x6  
  125  9:45  SCV x2, Marauder, Supply Depot  
  136  9:47  Supply Depot  
  136  9:49  Supply Depot  
  136  9:50  Supply Depot  
  136  9:51  Supply Depot  
  136  9:53  Supply Depot  
  136  9:54  Thor  
  136  9:56  Widow Mine x2  
  136  9:57  SCV x2  
  148  10:02  Marine x2  
  148  10:03  Marine x2  
  148  10:04  Marauder x2, Marine x2  
  148  10:06  Marine  
  160  10:07  Barracks Reactor  
  160  10:09  Terran Infantry Weapons Level 1  
  159  10:16  Missile Turret  
  159  10:20  Marine x2  
  153  10:21  Marine x2  
  153  10:22  Marine x2  
  153  10:24  Marine x3  
  158  10:37  Thor  
  158  10:45  Drilling Claws  
  157  10:54  Missile Turret  
  157  10:55  Missile Turret  
  157  10:57  SCV, Missile Turret  
  157  10:58  SCV x2  
  157  10:59  Sensor Tower  
  161  11:06  SCV  
  161  11:09  SCV  
  161  11:10  SCV x2  
  162  11:18  SCV  
  162  11:20  Marauder x2, Marine x5  
  162  11:21  Marine x4  
  176  11:38  Marine x3  
  176  11:39  Marauder  
  181  11:41  Marauder  
  179  11:52  Planetary Fortress  
  179  11:55  SCV x4  
  183  12:03  Widow Mine x2  
  183  12:04  Widow Mine  
  183  12:07  SCV x2  
  178  12:28  SCV x2  
  178  12:29  SCV x2  
  182  12:37  Missile Turret  
  182  12:47  Marauder x3, Marine x8  
  196  12:53  Terran Vehicle Weapons Level 2  
  196  12:54  Terran Vehicle And Ship Armor Level 1  
  196  12:57  Missile Turret  
  196  13:04  Terran Infantry Armor Level 2, Terran Infantry Weapons Level 2  
  196  13:05  Marine x4  
  200  13:17  Missile Turret  
  200  13:39  Missile Turret  
  166  14:17  Marine  
  166  14:18  Marine x10  
  166  14:19  Thor  
  166  14:21  Widow Mine x2  
  180  14:35  Marine  
  180  14:36  Marine x3  
  180  14:37  Marauder  
  155  14:42  Widow Mine x2  
  156  14:51  Marine  
  156  14:52  Marauder, Marine x4  
  163  14:53  Marine  
  163  14:54  Marine x3  
  163  14:58  Marauder  
  146  15:02  Thor  
  132  15:07  Medivac x2  
  132  15:09  Marine  
  132  15:11  Planetary Fortress  
  132  15:13  SCV x3  
  140  15:25  SCV x3  
  143  15:37  SCV, Medivac x2  
  148  15:45  Thor  
  149  15:51  Missile Turret  
  143  16:18  Missile Turret  
  143  16:19  Missile Turret  
  143  16:20  Missile Turret, Medivac x2  
  143  16:21  Marauder x2, Missile Turret  
  143  16:22  Marauder, Marine  
  143  16:23  Marine x6  
  143  16:25  Terran Infantry Armor Level 3  
  160  16:28  Terran Infantry Weapons Level 3  
  160  16:31  Terran Vehicle And Ship Armor Level 2, Terran Vehicle Weapons Level 3  
  160  16:35  Smart Servos  
  159  16:43  Marauder x3  
  165  16:53  Refinery  
  165  16:55  Refinery  
  165  17:04  Marauder x3  
  171  17:19  Missile Turret x2  
  171  17:21  Missile Turret x2  
  171  17:22  Sensor Tower  
  115  17:59  Marauder x3, Marine x4  
  115  18:00  Marine x3  
  115  18:05  Marine  
  110  18:08  Widow Mine  
  110  18:11  Widow Mine  
  115  18:17  Marine x4  
  119  18:20  Marauder x2  
  119  18:21  Marauder  
  125  18:32  Command Center  
  125  18:42  Marauder x2  
  129  18:49  Marine x4  
  129  18:50  Marine x3  
  129  18:51  Marauder  
  129  18:52  Thor  
  129  18:54  Widow Mine  
  129  18:55  Widow Mine  
  148  19:03  Marauder  
  146  19:21  Widow Mine  
  146  19:22  Widow Mine  
  150  19:25  Marauder x3  
  150  19:27  Marine x5  
  159  19:35  Thor  
  159  19:36  Sensor Tower  
  165  19:43  Widow Mine x2  
  169  19:46  Marauder x2  
  169  19:47  Marauder  
  169  19:49  Marine  
  169  19:50  Marine x4  
  180  20:04  Widow Mine x2  
  182  20:08  Marauder x3  
  188  20:18  Thor  
  189  20:29  Marauder x2  
  189  20:30  Marauder  
Tags
 
Composition
Muta Ling Bane
Matchup
TvZ
Replay Pack
Multiplayer
Spawn Locations
Cross Positions
Add a new tag
Caveats
  • Supply blocks, unpowered buildings, or Contaminate may cause inaccurate times.
  • Supply counts are checked every 10 seconds.